 Dungeon Crawl Stone Soup version bcrawl-1.27 (webtiles) character file.

Game seed: 1210393522093422401

97989 pasperui the Ducker (level 3, -7/35 HPs)
             Began as a Gnoll Reaver on July 12, 2020.
             Was a Follower of Vehumet.
             Mangled by Sigmund
             ... wielding a +0 scythe
              (11 damage)
             ... on level 2 of the Dungeon.
             The game lasted 00:03:51 (1397 turns).

pasperui the Ducker (Gnoll Reaver)                  Turns: 1397, Time: 00:03:52

Health: -7/35      AC:  5    Str: 14    XL:     3   Next: 31%
Magic:  0/9        EV: 14    Int: 16    God:    Vehumet [*.....]
Gold:   106        SH:  6    Dex: 13    Spells: 11/12 levels left

rFire    . . .     SeeInvis .   a - +0 long sword
rCold    . . .     Gourm    .   k - +0 buckler (curse)
rNeg     . . .     Faith    .   b - +0 steam dragon scales
rPois    .         Spirit   +   (no helmet)
rElec    .         Reflect  .   u - scarf {Spirit}
rCorr    .         Harm     .   (no gloves)
MR       .....                  (no boots)
Stlth    ++........             (no amulet)
HPRegen  0.11/turn              (no ring)
MPRegen  0.11/turn              (no ring)

@: hasted, very quick
A: distributed training, fangs 1, strong nose
a: Renounce Religion


You were on level 2 of the Dungeon.
You worshipped Vehumet.
Vehumet was aware of your devotion.
You were not hungry.

You visited 1 branch of the dungeon, and saw 2 of its levels.

You collected 106 gold pieces.

Inventory:

Hand Weapons
 a - a +0 long sword (weapon)
 t - a +0 spear
Missiles
 f - 295 stones (quivered)
 m - 65 poisoned needles
 o - 119 sling bullets
 q - 157 arrows
 s - 109 bolts
Armour
 b - +0 steam dragon scales (worn)
 k - a cursed +0 buckler (worn)
 p - a +0 cloak
 u - a scarf of spirit shield (worn)
Scrolls
 d - 2 scrolls of immolation
 h - 3 scrolls of identify
 j - a scroll of teleportation {unknown}
 n - 3 scrolls of remove curse {unknown}
 r - a scroll of magic mapping {unknown}
Potions
 g - a potion of degeneration {unknown}
Comestibles
 e - a ration {!d}


   Skills:
 + Level 6.5 Fighting
 + Level 0.7 Short Blades
 + Level 6.5 Long Blades
 + Level 0.7 Axes
 + Level 0.7 Maces & Flails
 + Level 0.7 Polearms
 + Level 0.7 Staves
 + Level 0.7 Slings
 + Level 0.7 Bows
 + Level 0.7 Crossbows
 + Level 0.7 Throwing
 + Level 0.7 Armour
 + Level 6.5 Dodging
 + Level 0.7 Stealth
 + Level 0.7 Shields
 + Level 0.7 Unarmed Combat
 + Level 5.0 Spellcasting
 + Level 0.5 Conjurations
 + Level 0.5 Hexes
 + Level 0.5 Charms
 + Level 0.5 Summonings
 + Level 0.5 Necromancy
 + Level 0.5 Translocations
 + Level 0.5 Transmutations
 + Level 0.5 Fire Magic
 + Level 0.5 Ice Magic
 + Level 0.5 Air Magic
 + Level 0.5 Earth Magic
 + Level 0.5 Poison Magic
 + Level 0.9 Invocations
 + Level 0.7 Evocations


You had 11 spell levels left.
You knew the following spells:

 Your Spells              Type           Power        Failure   Level  Hunger
a - Sting                 Conj/Pois      #...         9%          1    None

Your spell library contained the following spells:

 Spells                   Type           Power        Failure   Level  Hunger
 Iskenderun's Battlesphe  Conj/Chrm      #.......     88%         5    ######.


Dungeon Overview and Level Annotations

Branches:
Dungeon (2/12)

Altars:

Annotations:
D:2 Sigmund


Innate Abilities, Weirdness & Mutations

Your experience applies equally to all skills.
You have very sharp teeth.
Your uncanny sense of smell can sniff out nearby items.


Message History

* * * LOW HITPOINT WARNING * * *
It was a potion of curing.
You feel better. Something hits you.
* * * LOW HITPOINT WARNING * * *
Unknown command.
You feel better.
You feel yourself speed up. Something barely misses you.
You hit something. You barely miss something.
You hear some strange, mumbled words.
A magic dart appears from out of thin air!
The magic dart hits you.
* * * LOW HITPOINT WARNING * * *
You hit something. Something hits you.
* * * LOW HITPOINT WARNING * * *
You closely miss something. You bite something. You miss something.
You bite something. Something hits you.
* * * LOW HITPOINT WARNING * * *
You barely miss something. You hit something. Something hits you!
You die...

.# ##.#.# #.###.#######
## #.#.# #.##........#
#.#.. ..##..#####.#
#+#### ####..# #[# ∆
#..### #.# #....# #.#
##.......## ##.##.# #.#
##.........####...#.# #.#
.+.........+....@{..###.#
##.....[...##...........#
#.......# #.##.##.#####
#.....# #. ####[# #...# #
###.# #'# #...# #.# #.#.#
#{# #.###.#.# ##.##
#.......#


There were no monsters in sight!

Vanquished Creatures
  A worm (D:2)
  A dart slug (D:2)
  2 leopard geckos
  A giant cockroach (D:1)
  3 hobgoblins (D:1)
  6 jackals (D:2)
  2 bats
  2 goblins (D:2)
  5 kobolds
  3 rats
26 creatures vanquished.

Notes
Turn   | Place    | Note
-------+----------+-------------------------------------------
     0 | D:1      | pasperui the Gnoll Reaver began the quest for the Orb.
     0 | D:1      | Reached XP level 1. HP: 23/23 MP: 6/6
   256 | D:1      | Reached XP level 2. HP: 29/29 MP: 7/7
   937 | D:2      | Reached XP level 3. HP: 33/35 MP: 9/9
   988 | D:2      | Reached skill level 5 in Spellcasting
   993 | D:2      | Reached * piety under Vehumet
   993 | D:2      | Offered knowledge of Sting by Vehumet.
  1002 | D:2      | Learned a level 1 spell: Sting
  1342 | D:2      | Noticed Sigmund
  1397 | D:2      | Mangled by Sigmund

Skill      XL: |  1  2  3 |
---------------+----------+-----
Spellcasting   | 5 |  5.0
Fighting       | |  6.5
Short Blades   | |  0.7
Long Blades    | |  6.5
Axes           | |  0.7
Maces & Flails | |  0.7
Polearms       | |  0.7
Staves         | |  0.7
Slings         | |  0.7
Bows           | |  0.7
Crossbows      | |  0.7
Throwing       | |  0.7
Armour         | |  0.7
Dodging        | |  6.5
Stealth        | |  0.7
Shields        | |  0.7
Unarmed Combat | |  0.7
Conjurations   | |  0.5
Hexes          | |  0.5
Charms         | |  0.5
Summonings     | |  0.5
Necromancy     | |  0.5
Translocations | |  0.5
Transmutations | |  0.5
Fire Magic     | |  0.5
Ice Magic      | |  0.5
Air Magic      | |  0.5
Earth Magic    | |  0.5
Poison Magic   | |  0.5
Invocations    | |  0.9
Evocations     | |  0.7

Action                   || total
-------------------------++-------
Melee: Long sword        ||   102
       Bite              ||    10
 Cast: Sting             ||     5
  Use: Potion            ||     3
 Stab: Sleeping          ||     1
  Eat: Chunk             ||     4
Armor: Steam dragon scal ||    16
Dodge: Dodged            ||    54
Block: Buckler           ||    20
